 Dungeon Crawl Stone Soup version 0.28.0-45-g0d030f2227 (webtiles) character file.

Game seed: 142271171013883911

669 Peloso the Covered (level 7, -1/61 HPs)
             Began as a Minotaur Fighter on Apr 3, 2022.
             Slain by Duvessa
             ... wielding a +4 rapier of venom
              (7 damage)
             ... on level 4 of the Dungeon.
             The game lasted 00:09:43 (4496 turns).

Peloso the Covered (Minotaur Fighter)               Turns: 4496, Time: 00:09:43

Health: -1/61      AC: 10    Str: 20    XL:     7   Next: 32%
Magic:  6/6        EV:  8    Int:  5    God:
Gold:   84         SH:  5    Dex: 12    Spells: 6/6 levels left

rFire   . . .      SeeInvis .   a - +0 long sword
rCold   . . .      Faith    .   u - +0 buckler
rNeg    . . .      Spirit   .   f - +0 chain mail
rPois   .          Reflect  .   (helmet restricted)
rElec   .          Harm     .   (no cloak)
rCorr   .          Rampage  .   (no gloves)
Will    .....                   (no boots)
Stlth   ..........              p - amulet of regeneration
HPRegen 1.00/turn               (no ring)
MPRegen 0.10/turn               (no ring)

@: lethally poisoned (-1 -> -5), hasted (expiring), very quick
A: horns 2, retaliatory headbutt
a: no special abilities


You were on level 4 of the Dungeon.
You visited 1 branch of the dungeon, and saw 4 of its levels.
You also visited: Sewer.

You collected 84 gold pieces.

Inventory:

Hand Weapons
 a - a +0 long sword (weapon)
 c - a +0 vorpal hand crossbow
Missiles
 v - 18 bolts
Armour
 b - a +0 scale mail
 f - a +0 chain mail (worn)
 u - a +0 buckler (worn)
Jewellery
 e - an amulet of faith
 p - an amulet of regeneration (around neck)
Wands
 r - a wand of flame (24)
 x - a wand of polymorph (4)
Scrolls
 g - 2 scrolls of identify
 n - 2 scrolls of brand weapon
Potions
 d - a potion of lignification {unknown}
 i - a potion of haste
 k - 2 potions of ambrosia {unknown}
 m - a potion of resistance {unknown}
 o - 2 potions of curing {unknown}
 s - a potion of mutation {unknown}
 t - 4 potions of flight
 w - a potion of cancellation {unknown}
 z - a potion of attraction {unknown}


   Skills:
 + Level 5.2 Fighting
 + Level 5.5 Long Blades
 + Level 6.6 Armour
 + Level 2.0 Dodging
 + Level 0.1 Stealth
 + Level 5.2 Shields


You had 6 spell levels left.
You didn't know any spells.
Your spell library contained the following spells:

 Spells                   Type           Power      Damage    Failure   Level
 Gell's Gravitas          Tloc           0%         N/A       100%        3
 Lesser Beckoning         Tloc           0%         N/A       100%        3
 Teleport Other           Tloc           0%         N/A       100%        3
 Dispersal                Tloc           0%         N/A       100%        6


Dungeon Overview and Level Annotations

Branches:
Dungeon (4/15)              Sewer (visited)
 Temple: D:4-7

Altars:
Cheibriados

Shops:
D:1 [

Annotations:
D:3 2 transporters, duchin's ghost, amateur OpBr
D:4 3 runed translucent doors, CryoSword's ghost, amateur VSEn; Dowan; Duvessa


Innate Abilities, Weirdness & Mutations

You have a pair of horns on your head.
You reflexively headbutt those who attack you in melee.


Message History

The air around you briefly surges with heat, but it dissipates.
It was a scroll of immolation.
As you read the scroll labelled BACLODWA OLOE, it crumbles to dust.
You hear a loud clanging noise!
It was a scroll of noise.
You hit Duvessa.
Duvessa is lightly wounded.
Duvessa hits you with a +4 rapier of venom!
You slash Duvessa!
Duvessa is moderately wounded.
Duvessa hits you but does no damage.
You are poisoned.
You hit Duvessa.
Duvessa is moderately wounded.
Your extra speed is starting to run out.
You feel very sick.
You closely miss Duvessa.
Duvessa is moderately wounded.
You feel sick.
Duvessa hits you with a +4 rapier of venom.
You are more poisoned.
You hit Duvessa. You headbutt Duvessa, but do no damage.
Duvessa is heavily wounded.
You feel very sick.
Duvessa hits you with a +4 rapier of venom.
You are more poisoned.
You barely miss Duvessa.
Duvessa is heavily wounded.
You feel very sick.
Duvessa hits you with a +4 rapier of venom!
* * * LOW HITPOINT WARNING * * *
You slash Duvessa! Your headbutt misses Duvessa.
Duvessa is severely wounded.
You feel sick.
You hit Duvessa but do no damage.
Duvessa is severely wounded.
* * * LOW HITPOINT WARNING * * *
You feel very sick.
Duvessa hits you with a +4 rapier of venom!
You die...

#.# #.#.##### #e#
#.#...... #.# #.#######
#.# #.# #.# #.# #.# #.#
#.# #.# #######e# #.#
#.....@.# #.## #.#######
#..# ########## #######.#
#.(..(#..# ##...###.#
#.(...#..###.###.##.#
#...(.+..##>## ##.#.##
#(....+...#.# #....####
#..8..+...#.## ##.........
#♣...W#......###..........


You could see Duvessa and Dowan.

Vanquished Creatures
  Sigmund (D:2)
  2 kobold brigands (Sewer)
  Blork the orc (D:4)
  A jelly (D:3)
  A hound (D:4)
  Natasha (thrice) (D:2)
  Robin (D:4)
  3 gnolls (D:4)
  An adder (D:2)
  2 river rats (Sewer)
  A worm (D:2)
  2 dart slugs (D:1)
  6 ball pythons
  4 bats
  8 endoplasms
  2 giant cockroaches
  16 goblins
  8 hobgoblins
  12 jackals
  4 quokkas
  A frilled lizard (D:1)
  9 kobolds
  14 rats
103 creatures vanquished.

Notes
Turn   | Place    | Note
-------+----------+-------------------------------------------
     0 | D:1      | Peloso the Minotaur Fighter began the quest for the Orb.
     0 | D:1      | Reached XP level 1. HP: 19/19 MP: 0/0
   157 | D:1      | Reached skill level 4 in Armour
   158 | D:1      | Reached XP level 2. HP: 26/27 MP: 1/1
   409 | D:1      | Found Isiul's Antique Armour Boutique.
   563 | D:1      | Reached XP level 3. HP: 33/33 MP: 2/2
  1315 | D:2      | Noticed Sigmund
  1728 | D:2      | Killed Sigmund
  1729 | D:2      | Reached skill level 5 in Armour
  1729 | D:2      | Reached skill level 1 in Dodging
  1729 | D:2      | Reached XP level 4. HP: 3/41 MP: 3/3
  1729 | D:2      | Reached XP level 5. HP: 4/47 MP: 4/4
  2072 | D:2      | Noticed Natasha
  2080 | D:2      | Killed Natasha
  2177 | D:2      | Noticed Natasha
  2198 | D:2      | Killed Natasha
  2216 | D:2      | Found a faded altar of an unknown god.
  2302 | D:2      | Reached XP level 6. HP: 53/53 MP: 5/5
  2490 | D:2      | Noticed Natasha
  2498 | D:2      | Killed Natasha
  2582 | D:2      | Found a snail-covered altar of Cheibriados.
  2837 | D:2      | Reached skill level 6 in Armour
  3130 | D:3      | Found a glowing drain.
  3162 | Sewer    | Entered a sewer
  3267 | Sewer    | Reached skill level 5 in Fighting
  3334 | Sewer    | Found a white marble altar of Elyvilon.
  3427 | D:3      | Reached skill level 5 in Long Blades
  3565 | D:3      | Found a transporter.
  3567 | D:3      | Noticed duchin's ghost (amateur OpBr)
  3568 | D:3      | Identified the +0 dire flail "Foyvvom" {speed, Str+4}
  3632 | D:3      | Found a transporter.
  3836 | D:3      | Reached skill level 5 in Shields
  3836 | D:3      | Reached XP level 7. HP: 59/61 MP: 6/6
  3913 | D:4      | Noticed Robin
  3917 | D:4      | Noticed Blork the orc
  3938 | D:4      | Killed Blork the orc
  3948 | D:4      | Killed Robin
  4172 | D:4      | Found a runed translucent gate.
  4174 | D:4      | Found a runed translucent gate.
  4176 | D:4      | Found a runed translucent gate.
  4177 | D:4      | Noticed CryoSword's ghost (amateur VSEn)
  4410 | D:4      | Noticed Dowan
  4411 | D:4      | Noticed Duvessa
  4449 | D:4      | HP: 1/61 [Duvessa/+4 rapier of venom (8)]
  4496 | D:4      | Slain by Duvessa

Illustrated notes

Levels and vault maps discovered:
D:1:      tarquinn_simple_flora_water_f, layout_basic, serial_shops, shop,
          minmay_cut_off
D:2:      layout_loops_corners, basic_altar, shapermc_ecumenical_altar_ellora,
          uniq_sigmund, uniq_natasha
D:3:      layout_basic, portal_sewer_entry_a, gammafunk_ghost_smash
D:4:      layout_loops_ring, ebering_ghost_rock_garden, uniq_robin,
          uniq_blork_the_orc, uniq_duvessa

Skill      XL: |  1  2  3  4  5  6  7 |
---------------+----------------------+-----
Armour         | 4 5 6 |  6.6
Shields        | 4 5 |  5.2
Fighting       | 4 5 |  5.2
Long Blades    | 3 4 5 |  5.5
Dodging        | 1 2 |  2.0
Stealth        | |  0.1

Action                   |  1- 3 |  4- 6 |  7- 9 || total
-------------------------+-------+-------+-------++-------
Melee: Long sword        |    90 |   160 |    55 ||   305
       Headbutt          |    12 |    20 |     5 ||    37
  Use: Potion            |     1 |       |     5 ||     6
       Scroll            |       |       |     4 ||     4
Armor: Scale mail        |    16 |       |       ||    16
       Chain mail        |    40 |    95 |    16 ||   151
       Skin              |       |       |    35 ||    35
Dodge: Dodged            |    38 |    50 |    21 ||   109
Block: Buckler           |    23 |    43 |    22 ||    88
